 Dungeon Crawl Stone Soup version 0.21.1-1-g345015f (webtiles) character file.

35 inc the Vexing (level 3, 14/14 HPs)
             Began as a Felid Enchanter on Feb 22, 2018.
             Quit the game on level 3 of the Dungeon.
             The game lasted 00:04:10 (2423 turns).

inc the Vexing (Felid Enchanter)                    Turns: 2423, Time: 00:04:11

Health: 14/14      AC:  1    Str:  4    XL:     3   Next: 16%
Magic:  7/7        EV: 18    Int: 17    God:
Gold:   65         SH:  0    Dex: 16    Spells: 0/6 levels left
                                        Lives:  0   Deaths: 1

rFire    . . .     SeeInvis +     - Unarmed
rCold    . . .     Gourm    .   (shield unavailable)
rNeg     . . .     Faith    .   (armour unavailable)
rPois    .         Spirit   .   (helmet unavailable)
rElec    .         Reflect  .   (cloak unavailable)
rCorr    .         Harm     .   (gloves unavailable)
MR       .....                  (boots unavailable)
Stlth    +++.......             (no amulet)
HPRegen  0.04/turn              (no ring)
MPRegen  0.10/turn              (no ring)

@: quick
A: very small, no armour, no weapons or thrown items, stealth, claws 1, fangs 3,
see invisible, carnivore, speed 1, shaggy fur 1, slow metabolism 1, sharp paws
a: no special abilities


You were on level 3 of the Dungeon.
You were not hungry.

You visited 1 branch of the dungeon, and saw 3 of its levels.

You collected 65 gold pieces.

Inventory:

Scrolls
 d - 3 scrolls of identify {unknown}
 i - 3 scrolls of remove curse {unknown}
 k - a scroll of immolation {unknown}
Potions
 c - a potion of lignification {unknown}
 e - 2 potions of curing {unknown}
 f - a potion of agility {unknown}
 g - a potion of degeneration {unknown}
 h - a potion of brilliance {unknown}
 j - a potion of might {unknown}
Books
 a - a book of Maledictions

   Spells                             Type                      Level
   a - Corona                         Hexes                        1
   b - Ensorcelled Hibernation        Hexes/Ice                    2
   c - Confuse                        Hexes                        3
   d - Tukima's Dance                 Hexes                        3
   e - Dazzling Spray                 Conjuration/Hexes            3
Comestibles
 b - 2 rations


   Skills:
 - Level 3.3 Dodging
 - Level 4.6 Stealth
 + Level 2.5 Unarmed Combat
 - Level 2.3 Spellcasting
 - Level 5.0 Hexes


You couldn't memorise any spells.
You knew the following spells:

 Your Spells              Type           Power        Failure   Level  Hunger
a - Corona                Hex            ###....      2%          1    #......
b - Ensorcelled Hibernat  Hex/Ice        ##....       10%         2    ##.....
c - Confuse               Hex            ###.....     7%          3    ###....


Dungeon Overview and Level Annotations

Branches:
Dungeon (3/15)

Altars:
Cheibriados


Innate Abilities, Weirdness & Mutations

You cannot wear armour.
You are incapable of wielding weapons or throwing items.
Your paws allow you to move quietly. (Stealth)
You have sharp claws.
You have razor-sharp teeth.
You have supernaturally acute eyesight. (SInv)
You are carnivorous and can eat meat at any time.
You cover ground quickly.
You are covered in fur. (AC +1)
You have a slow metabolism.
Your sharp claws are effective at attacking unaware monsters.


Message History

(D) Dungeon
Where to? (Enter - D:2, ? - help)
There is a stone staircase leading down here.
You climb downwards.
A frilled lizard and a centaur come into view.
Found a ration and 7 gold pieces.
There is a stone staircase leading up here.
The centaur wields a glowing shortbow.
It bursts into flame!
The centaur shoots an arrow.
The arrow hits you!
Ouch! That really hurt!
The arrow burns you.
* * * LOW HITPOINT WARNING * * *
You see here an arrow.
The centaur shoots an arrow.
The arrow hits you!
Ouch! That really hurt!
You die...
The arrow burns you.
You are now level 3!
You rejoin the land of the living...
Are you sure you want to abandon this character and quit the game? (Confirm with "yes".)

.. #. ##.
# .. .#
#.###.#
.....
#..#.#
#@...#
#.........
##....####
#..#.#
#.##.# #.#
. #.# #
#.#


There were no monsters in sight!

Vanquished Creatures
  2 adders (D:2)
  An ooze (D:2)
  2 worms (D:2)
  A leopard gecko (D:2)
  An orc (D:2)
  2 bats
  4 giant cockroaches
  5 goblins
  8 hobgoblins
  3 jackals (D:2)
  6 frilled lizards
  7 kobolds
  5 rats
47 creatures vanquished.

Notes
Turn   | Place    | Note
-------+----------+-------------------------------------------
     0 | D:1      | inc the Felid Enchanter began the quest for the Orb.
     0 | D:1      | Reached XP level 1. HP: 7/7 MP: 4/4
   202 | D:1      | Found a snail-covered altar of Cheibriados.
   370 | D:1      | Reached XP level 2. HP: 11/11 MP: 6/6
   846 | D:1      | Learned a level 2 spell: Ensorcelled Hibernation
  1159 | D:2      | Reached XP level 3. HP: 13/14 MP: 4/7
  1164 | D:2      | Learned a level 3 spell: Confuse
  1487 | D:2      | Reached skill level 5 in Hexes
  1872 | D:2      | Reached XP level 4. HP: 12/18 MP: 1/8
  2420 | D:3      | Noticed a centaur
  2422 | D:3      | Shot with an arrow by a centaur
  2423 | D:3      | Reached XP level 3. HP: -8/14 MP: 7/7
  2423 | D:3      | Quit the game

Skill      XL: |  1  2  3 |
---------------+----------+-----
Dodging        | 3 |  3.3
Hexes          | 5 |  5.0
Unarmed Combat | 2 |  2.5
Stealth        | |  4.6
Spellcasting   | |  2.3

Action                   |  1- 3 |  4- 6 || total
-------------------------+-------+-------++-------
Melee: Unarmed           |   104 |     3 ||   107
       Bite              |     4 |       ||     4
 Cast: Ensorcelled Hiber |    21 |     5 ||    26
       Confuse           |     1 |       ||     1
 Stab: Sleeping          |    32 |     3 ||    35
       Confused          |     1 |       ||     1
  Eat: Chunk             |     4 |       ||     4
Armor: Skin              |     6 |       ||     6
Dodge: Dodged            |    61 |       ||    61
